AoeStats
← nicolasbsl52

Lombardia

509885262Analyzed
4v4 RM · 4d ago on Sep 28, 2026· 87m 38s· 8 players
Game mode
Random Map
Map size
Large (8 player)
Population
200
Speed
Normal
Resources
Standard
Victory
Conquest
Starting age
Dark Age
Ending age
Imperial Age
RankedLock teamsTeams togetherTeam positionsShared explorationLock speedFull tech treeHidden civsTurbo modeCheats
Victory
Defeat
🇺🇸 Huns · United States
692
+15
662
+16
🇧🇷 Saxons · Brazil
626
+18
🇦🇷 Lithuanians · Argentina
622
+18
🇮🇹 Gurjaras · Italy
815
-22
🇬🇧 Huns · United Kingdom
788
-21
🇵🇱 Japanese · Poland
565
-20
🇨🇭 Romans · Switzerland
513
-11
themoist_hoist2
0:43 Loom
14:06 Feudal Age
20:44 Castle Age
18:34 Double-Bit Axe
18:45 Stone Mining
18:49 Horse Collar
19:40 Gold Mining
21:13 Wheelbarrow
26:49 Bow Saw
26:51 Heavy Plow
27:33 Gold Shaft Mining
30:58 Marauders
34:51 Husbandry
35:01 Bloodlines
36:05 Forging
36:01 Scale Barding Armor
39:08 Iron Casting
40:40 Hand Cart
41:11 Chain Barding Armor
41:02 Town Watch
41:56 Town Patrol
57:11 Imperial Age
69:29 Imperial Age
68:40 Caravan
86:58 Imperial Age
Luciano24cm
6:07 Loom
9:10 Feudal Age
11:41 Double-Bit Axe
25:30 Castle Age
23:13 Horse Collar
24:21 Gold Mining
27:11 Bow Saw
30:24 Fervor
34:26 Fortified Wall
37:22 Imperial Age
35:29 Wheelbarrow
34:40 Town Watch
36:26 Hand Cart
36:12 Town Patrol
36:25 Heavy Plow
38:29 Coinage
39:36 Crop Rotation
40:21 Two-Man Saw
40:07 Stone Mining
40:50 Scale Barding Armor
40:56 Forging
40:46 Murder Holes
42:05 Onager
43:27 Chain Barding Armor
43:42 Iron Casting
42:30 Elite Leitis
45:54 Plate Barding Armor
45:10 Fletching
45:20 Padded Archer Armor
49:01 Stone Shaft Mining
50:18 Clinker Construction
50:18 Careening
50:19 Masonry
50:56 Bloodlines
50:46 Husbandry
62:20 Hill Forts
62:20 Tower Shields
62:41 Conscription
64:40 Carvel Hull
64:40 Dry Dock
64:12 Guard Tower
65:22 Chemistry
66:40 Hoardings
69:28 Keep
69:32 Bombard Tower
69:34 Ballistics
69:32 Heated Shot
69:24 Treadmill Crane
70:16 Architecture
76:46 Guilds
77:07 Banking
76:38 Caravan
76:40 Spies/Treason
78:46 Devotion
78:36 Cavalier
78:37 Light Cavalry
78:46 Man-at-Arms
78:47 Pikeman
80:00 Faith
80:02 Heresy
79:54 Redemption
79:45 Atonement
79:29 Capped Ram
80:21 Scale Mail Armor
80:37 Leather Archer Armor
80:17 Bodkin Arrow
81:01 Theocracy
80:23 Herbal Medicine
81:00 Block Printing
81:07 Sanctity
81:18 Illumination
82:19 Paladin
82:31 Long Swordsman
84:25 Winged Hussar
84:30 Two-Handed Swordsman
85:24 Heavy Cavalry Archer
86:10 Thumb Ring
85:27 Elite Skirmisher
85:30 Crossbowman
86:23 Champion
86:53 Halberdier
87:34 Squires
87:20 Arson
汉东省太想进步厅长
0:52 Loom
11:52 Feudal Age
16:51 Castle Age
15:09 Horse Collar
16:18 Double-Bit Axe
28:46 Gold Mining
28:50 Stone Mining
29:41 Wheelbarrow
33:27 Imperial Age
31:29 Caravan
31:18 Man-at-Arms
32:10 Scale Mail Armor
32:29 Squires
32:15 Arson
32:56 Treadmill Crane
33:28 Masonry
33:19 Murder Holes
33:01 Long Swordsman
34:48 Tigui
35:09 Conscription
35:25 Hoardings
37:09 Bow Saw
37:07 Heavy Plow
36:43 Elite Skirmisher
37:33 Thumb Ring
38:34 Chain Mail Armor
38:30 Forging
38:43 Two-Handed Swordsman
39:56 Plate Mail Armor
40:49 Champion
41:29 Elite Gbeto
42:11 Farimba
43:07 Gold Shaft Mining
42:49 Hand Cart
43:13 Iron Casting
42:29 Fletching
49:44 Ballistics
50:25 Fletching
55:02 Iron Casting
55:42 Bodkin Arrow
55:50 Padded Archer Armor
55:42 Pikeman
56:22 Capped Ram
59:32 Crop Rotation
69:05 Onager
71:43 Chemistry
71:14 Architecture
73:20 Town Watch
78:26 Leather Archer Armor
78:16 Scale Barding Armor
81:10 Light Cavalry
82:01 Bloodlines
81:51 Husbandry
87:23 Spies/Treason
TallMan00
0:54 Loom
nicolasbsl52
11:21 Feudal Age
15:45 Double-Bit Axe
18:32 Horse Collar
22:19 Castle Age
25:16 Bow Saw
25:13 Heavy Plow
27:52 Wheelbarrow
27:04 Loom
27:06 Town Watch
30:44 Gold Mining
30:45 Stone Mining
33:58 Imperial Age
31:46 Padded Archer Armor
31:37 Fletching
33:56 Hand Cart
33:51 Town Patrol
35:36 Conscription
35:41 Bodkin Arrow
36:02 Leather Archer Armor
35:49 Scale Mail Armor
36:01 Forging
35:57 Scale Barding Armor
36:04 Ballistas
35:51 Heavy Scorpion
39:23 Ring Archer Armor
39:10 Chain Mail Armor
39:31 Iron Casting
39:59 Gold Shaft Mining
39:12 Light Cavalry
39:54 Husbandry
40:05 Bloodlines
42:46 Crop Rotation
42:42 Chain Barding Armor
44:23 Caravan
49:00 Blast Furnace
48:36 Plate Barding Armor
ninagwiazda
0:58 Loom
13:33 Feudal Age
16:46 Wheelbarrow
17:02 Town Watch
20:40 Bloodlines
24:13 Man-at-Arms
31:37 Arson
36:02 Double-Bit Axe
38:30 Castle Age
36:39 Horse Collar
thesuq
11:49 Feudal Age
13:36 Loom
17:16 Castle Age
15:29 Double-Bit Axe
15:27 Horse Collar
16:16 Gold Mining
17:00 Fletching
18:53 Bow Saw
21:40 Bodkin Arrow
22:17 Husbandry
22:25 Town Watch
23:20 Ballistics
23:50 Padded Archer Armor
24:32 Bloodlines
24:36 Stone Mining
26:06 Wheelbarrow
26:36 Gold Shaft Mining
27:46 Hand Cart
29:06 Town Patrol
31:09 Marauders
32:07 Heavy Plow
32:28 Leather Archer Armor
32:24 Forging
36:51 Imperial Age
37:38 Bracer
38:42 Chemistry
38:11 Parthian Tactics
38:13 Heavy Cavalry Archer
39:27 Conscription
52:41 Murder Holes
52:57 Masonry
57:00 Scale Barding Armor
57:31 Iron Casting
56:25 Elite Tarkan
61:15 Chain Barding Armor
61:57 Blast Furnace
62:47 Pikeman
63:29 Squires
63:34 Scale Mail Armor
65:25 Light Cavalry
69:40 Halberdier
70:57 Chain Mail Armor
82:03 Arson
raffaelepierri1987
11:18 Feudal Age
19:54 Castle Age
17:40 Horse Collar
17:55 Stone Mining
18:11 Double-Bit Axe
20:30 Gold Mining
20:55 Heavy Plow
25:50 Wheelbarrow
27:48 Gold Shaft Mining
32:42 Imperial Age
30:07 Loom
30:45 Bow Saw
32:53 Hand Cart
35:11 Chemistry
34:22 Masonry
34:34 Ballistics
35:52 Husbandry
36:14 Elite Shrivamsha Rider
37:33 Arson
44:48 Crossbowman
44:49 Elite Skirmisher
45:34 Thumb Ring
60:17 Forging
60:08 Scale Mail Armor
60:13 Scale Barding Armor
59:58 Fletching
60:09 Padded Archer Armor
Connection lost

Rejoining the realm…

Still unreachable

The connection could not be restored.

Session expired

The server has moved on; the page needs a fresh start.